 Dungeon Crawl Stone Soup version 0.17.0-23-g0de4337 (webtiles) character file.

58 JudasIscariot the Skirmisher (level 3, -14/37 HPs)
             Began as a Troll Fighter on Nov 14, 2015.
             Demolished by an orc warrior
             ... wielding a +0 scimitar
              (18 damage)
             ... on level 3 of the Dungeon.
             The game lasted 00:03:21 (1659 turns).

JudasIscariot the Skirmisher (Troll Fighter)        Turns: 1659, Time: 00:03:21

Health: -14/37     AC:  5    Str: 24    XL:     3   Next: 76%
Magic:  2/2        EV:  8    Int:  4    God:
Gold:   96         SH:  9    Dex: 10    Spells: 0 memorised, 2 levels left

rFire  . . .     SeeInvis .     a - +0 flail
rCold  . . .     Clarity  .     b - +0 robe
rNeg   . . .     SustAt   .     c - +0 shield
rPois  .         Gourm    +     (helmet restricted)
rElec  .         Spirit   .     (no cloak)
rCorr  +         Warding  .     (gloves unavailable)
rMut   .         Stasis   .     (boots unavailable)
MR     .....                    h - amulet of resist corrosion
Stlth  +.........               (no ring)
                                (no ring)

@: not resistant to hostile enchantments, very unstealthy
A: unfitting armour, claws 3, fast metabolism 3, gourmand, regeneration 2,
shaggy fur 1, tough skin 2
a: no special abilities


You were on level 3 of the Dungeon.
You were completely stuffed.

You visited 1 branch of the dungeon, and saw 3 of its levels.

You collected 96 gold pieces.

Inventory:

Hand Weapons
 a - a +0 flail (weapon)
Armour
 b - a +0 robe (worn)
 c - a +0 shield (worn)
Jewellery
 h - an amulet of resist corrosion (around neck)
Scrolls
 f - 2 scrolls of teleportation {unknown}
 k - a scroll of enchant weapon {unknown}
 l - a scroll of noise {unknown}
 o - a scroll of random uselessness {unknown}
 p - a scroll of magic mapping {unknown}
 q - a scroll of recharging {unknown}
Potions
 d - 2 potions of might
 g - a potion of heal wounds {unknown}
 j - a potion of curing {unknown}
 r - a potion of agility {unknown}
Books
 s - a book of Necromancy

   Spells                             Type                      Level
   a - Pain                           Necromancy                   1
   b - Animate Skeleton               Necromancy                   1
   c - Vampiric Draining              Necromancy                   3
   d - Regeneration                   Charms/Necromancy            3
   e - Animate Dead                   Necromancy                   4
   f - Control Undead                 Necromancy                   4
Comestibles
 e - 2 bread rations
 i - a meat ration
 m - 16 chunks of flesh
 n - 2 slices of pizza


   Skills:
 * Level 3.0 Fighting
 * Level 2.2 Maces & Flails
 * Level 2.7 Dodging
 * Level 2.8 Shields


You had 2 spell levels left.
You didn't know any spells.

Dungeon Overview and Level Annotations

Branches:
Dungeon (3/15)

Altars:


Innate Abilities, Weirdness & Mutations

You are too large for most types of armour.
You have claws for hands.
Your metabolism is lightning-fast.
You like to eat raw meat.
You heal very quickly.
You are covered in fur (AC +1).
You have very tough skin (AC +2).


Message History

The orc warrior hits you with a scimitar.
You barely miss the orc priest.
The jackal bites you but does no damage.
You block the jackal's attack.
The orc priest casts a cantrip, but nothing happens.
The orc warrior hits you with a scimitar!!
Ouch! That really hurt!
* * * LOW HITPOINT WARNING * * *
You barely miss the orc priest. You block the jackal's attack.
The orc priest miscasts a cantrip.
The jackal barely misses you.
The orc warrior hits you with a scimitar.
* * * LOW HITPOINT WARNING * * *
The orc priest hits you but does no damage.
Unknown command.
You hit the orc priest.
The orc priest is moderately wounded.
The jackal bites you but does no damage.
The orc warrior hits you with a scimitar!!
You die...

#.# .......# #.#
......#.#.######
.....#.#......#
....#.######.#
...#.# #.#
#..#.######.####
#oo............#
#@#.######.##.#
#.h........##.#
###.#########.#
#.# #.# #.# #.#
#.#########.#
#.##....)...#
#^##.########
#.##.#


You could see an orc warrior, an orc priest and a jackal.

Vanquished Creatures
  An adder (D:2)
  An ooze (D:2)
  2 worms (D:2)
  2 giant geckos
  A bat (D:1)
  A giant cockroach (D:1)
  6 goblins
  5 hobgoblins
  8 jackals
  3 kobolds
  2 giant newts (D:1)
  A quokka (D:2)
  7 rats
40 creatures vanquished.

Notes
Turn   | Place    | Note
--------------------------------------------------------------
     0 | D:1      | JudasIscariot the Troll Fighter began the quest for the Orb.
     0 | D:1      | Reached XP level 1. HP: 22/22 MP: 0/0
   197 | D:1      | Reached XP level 2. HP: 29/29 MP: 1/1
   996 | D:2      | Reached XP level 3. HP: 29/36 MP: 2/2
  1506 | D:3      | Reached skill level 3 in Fighting
  1652 | D:3      | Noticed an orc warrior
  1659 | D:3      | Demolished by an orc warrior

Action                   || total
-------------------------++-------
Melee: Flail             ||   105
  Eat: Chunk             ||    21
